 Dungeon Crawl Stone Soup version 0.30-a0-414-gcb316572d5 (webtiles) character file.

Game seed: 51102143161493902

250 cforsyth the Chopper (level 6, -4/57 HPs)
             Began as a Hill Orc Monk on Dec 8, 2022.
             Splashed by a jelly's acid (11 damage)
             ... on level 3 of the Dungeon.
             The game lasted 00:07:03 (3510 turns).

cforsyth the Chopper (Hill Orc Monk)                Turns: 3510, Time: 00:07:04

Health: -4/57      AC:  0    Str: 16    XL:     6   Next: 13%
Magic:  6/6        EV:  7    Int: 10    God:
Gold:   145        SH:  0    Dex: 13    Spells: 5/5 levels left

rFire   . . .      SeeInvis .    a - +0 hand axe
rCold   . . .      Faith    .    (no shield)
rNeg    . . .      Spirit   .    l - +0 chain mail
rPois   .          Reflect  .    n - +2 helmet
rElec   .          Harm     .    m - scarf {+Inv}
rCorr   .          Rampage  .    (no gloves)
Will    +....                    (no boots)
Stlth   ..........               (no amulet)
HPRegen 0.29/turn                k - ring of willpower
MPRegen 0.10/turn                (no ring)

@: corroded, attractive
A: no striking features
a: Evoke Invisibility


You were on level 3 of the Dungeon.
You visited 1 branch of the dungeon, and saw 4 of its levels.

You collected 145 gold pieces.

Inventory:

Hand Weapons
 a - a +0 hand axe (weapon)
Armour
 l - a +0 chain mail (worn)
 m - a scarf of invisibility (worn)
 n - a +2 helmet (worn)
Jewellery
 i - a ring of wizardry
 k - a ring of willpower (left hand)
Scrolls
 b - a scroll of enchant armour {unknown}
 d - 2 scrolls of teleportation {unknown}
 f - a scroll of fear {unknown}
 g - 2 scrolls of poison {unknown}
 h - 5 scrolls of identify {unknown}
 j - 2 scrolls of amnesia {unknown}
 o - a scroll of vulnerability {unknown}
 r - a scroll of noise {unknown}
Potions
 c - 4 potions of ambrosia
 p - a potion of curing {unknown}
 q - 2 potions of berserk rage {unknown}


   Skills:
 + Level 5.7 Fighting
 + Level 6.1 Axes
 + Level 2.9 Armour
 - Level 2.4 Dodging
 - Level 1.5 Stealth


You had 5 spell levels left.
You didn't know any spells.
Your spell library contained the following spells:

 Spells                   Type           Power      Damage    Failure   Level
 Sandblast                Erth           0%         2d4       100%        1
 Passwall                 Tmut/Erth      0%         N/A       100%        2
 Stone Arrow              Conj/Erth      0%         3d7       100%        3
 Yara's Violent Unravell  Hex/Tmut       0%         3d3       100%        5
 Enfeeble                 Hex            0%         N/A       100%        7


Dungeon Overview and Level Annotations

Branches:
Dungeon (4/15)
 Temple: D:4-7

Altars:

Shops:
D:1 (([:


Message History

The jelly hits you.
You are splashed with acid.
You hit the jelly.
Your hands burn!
The jelly is heavily wounded.
The jelly completely misses you.
You hit the jelly but do no damage. The acid corrodes you!
Your hands burn!
The jelly is heavily wounded.
The jelly hits you but does no damage.
You hit the jelly but do no damage.
Your hands burn!
* * * LOW HITPOINT WARNING * * *
The jelly is heavily wounded.
The jelly closely misses you.
Unknown command.
Unknown command.
Unknown command.
Okay, then.
Unknown command.
You aren't carrying any items that you can evoke.
Cleave: a) +0 hand axe
Press: ? - help, Dir - move target Your weapon can't reach that far!
Okay, then.
Unknown command.
Unknown command.
Unknown command.
The jelly hits you.
* * * LOW HITPOINT WARNING * * *
The acid corrodes you!
You are splashed with acid!
* * * LOW HITPOINT WARNING * * *
You climb upwards.
There is a stone staircase leading down here.
Unknown command.
Unknown command.
Unknown command.
Unknown command.
It was a potion of attraction.
You feel attractive to monsters. The jelly hits you.
* * * LOW HITPOINT WARNING * * *
You are splashed with acid!
You die...

......#..........##.###.#.#.#
#####.#........#.##.###.###.#
####.#......(........#.###.#
#.............#..#.#.#..##.#
#.##.#.##(......###...#....#
##.##.#.##......## ##....####
#.....#<......##.###...###
##.######.....###.#.#### #.#
#.....#.@J))..# #.#
#.....#.##.##.# #.#
#.....#.##.##.# #.#
#.....#.#..##)# #.#
#######.#.###.# #.# #(#.###.#
##.############.......#
.#.##..>##...<....#####
.....###.#.########


You could see a jelly.

Vanquished Creatures
  An ogre (D:4)
  A jelly (D:4)
  A hound (D:4)
  4 adders
  A worm (D:3)
  A dart slug (D:1)
  6 orcs (D:3)
  4 endoplasms
  2 giant cockroaches (D:1)
  3 goblins
  5 hobgoblins
  11 jackals
  2 quokkas
  8 ball pythons
  3 bats
  3 frilled lizards
  5 kobolds
  6 rats
67 creatures vanquished.

Vanquished Creatures (others)
  3 plants (D:1)
3 creatures vanquished.

Grand Total: 70 creatures vanquished

Notes
Turn   | Place    | Note
-------+----------+-------------------------------------------
     0 | D:1      | cforsyth the Hill Orc Monk began the quest for the Orb.
     0 | D:1      | Reached XP level 1. HP: 19/19 MP: 1/1
     7 | D:1      | Found Zocroh's Book Shop.
    43 | D:1      | Found Vefremim's Antique Armour Shoppe.
   130 | D:1      | Reached XP level 2. HP: 26/27 MP: 2/2
   179 | D:1      | Found Ohif's Antique Weapon Emporium.
   318 | D:1      | Found Agras's Weapon Emporium.
  1268 | D:1      | Reached XP level 3. HP: 28/34 MP: 3/3
  1589 | D:2      | Reached skill level 5 in Axes
  1671 | D:2      | Reached skill level 1 in Armour
  1779 | D:2      | Reached XP level 4. HP: 41/41 MP: 4/4
  2651 | D:3      | Found a faded altar of an unknown god.
  2654 | D:3      | Reached skill level 5 in Fighting
  3027 | D:4      | Noticed an ice beast
  3153 | D:4      | Reached XP level 5. HP: 30/48 MP: 5/5
  3321 | D:4      | Noticed an ogre
  3332 | D:4      | Killed an ogre
  3333 | D:4      | Reached skill level 6 in Axes
  3333 | D:4      | Reached XP level 6. HP: 9/57 MP: 6/6
  3510 | D:3      | Splashed by a jelly's acid

Illustrated notes

Levels and vault maps discovered:
D:1:      eino_arrival_druids_welcome, layout_rooms, serial_co_window_serial,
          co_window_paths_b, co_window_corner_a, co_window_paths_a,
          co_window_corner_a, co_window_paths_a, co_window_broadway_c,
          co_window_corner_cb, co_window_paths_c, co_window_broadway_c,
          co_window_broadway_a, co_window_of_opportunity_b, co_window_paths_c,
          co_window_paths_e, glass_columns_a, glass_columns_a, glass_columns_a,
          glass_columns_b, serial_shops, nicolae_shop_hallway_stairs,
          nicolae_square_shop, shop_fountains, nicolae_shop_overgrown_old_shop,
          minmay_shallow_snake_nest
D:2:      layout_loops_ring
D:3:      layout_loops_cross, serial_aquarium, aquarium_bridge_square
          [aquarium_subvault_window, aquarium_subvault_bridge,
          aquarium_subvault_wall, aquarium_subvault_wall], aquarium_window_1,
          aquarium_window_corridor_1, aquarium_view_2a, aquarium_balcony_1a,
          aquarium_pool_double, ebering_ecumenical_altar_mist
D:4:      gammafunk_steamed_eel, layout_basic

Skill      XL: |  1  2  3  4  5 |
---------------+----------------+-----
Fighting       | 4 5 |  5.7
Axes           | 5 6 |  6.1
Armour         | 1 2 |  2.9
Dodging        | |  2.4
Stealth        | |  1.5

Action                   |  1- 3 |  4- 6 || total
-------------------------+-------+-------++-------
Melee: Hand axe          |   122 |   127 ||   249
  Use: Potion            |       |     1 ||     1
 Stab: Sleeping          |     2 |       ||     2
Armor: Robe              |    16 |       ||    16
       Chain mail        |    32 |    70 ||   102
Dodge: Dodged            |    64 |    32 ||    96

Table legend: (Time is in decaauts)
 A = Elapsed time spent in this place.
 B = Non-inter-level travel time spent in this place.
 C = Inter-level travel time spent in this place.
 D = Time resting spent in this place.
 E = Time spent auto-exploring this place.
 F = Levels seen in this place.
 G = Mean time per level.
                   A        B        C        D        E       F      G
               +--------+--------+--------+--------+--------+-----+--------+
         Total |   3523 |   3238 |    285 |    104 |   2501 |   4 |  880.8 |
       Dungeon |   3523 |   3238 |    285 |    104 |   2501 |   4 |  880.8 |
               +--------+--------+--------+--------+--------+-----+--------+

Top non-repeatable levels by time:
     D:1: 1381 daAuts
     D:3: 1072 daAuts
     D:2: 803 daAuts
     D:4: 266 daAuts
